 Dungeon Crawl Stone Soup version 0.31-a0-986-g5e6e4ef867 (webtiles) character file.

Game seed: 398366774377595215

29 Jeffwins the Ruffian (level 3, 33/33 HPs)
             Began as a Troll Shapeshifter on Nov 25, 2023.
             Quit the game on level 2 of the Dungeon.
             The game lasted 00:00:56 (759 turns).

Jeffwins the Ruffian (Troll Shapeshifter)            Turns: 759, Time: 00:00:56

Health: 33/33      AC:  8    Str: 22    XL:     3   Next: 1%
Magic:  2/2        EV:  9    Int:  8    God:
Gold:   69         SH:  0    Dex:  9    Spells: 2/2 levels left

rFire   . .          .
                       - Unarmed
rCold   . . .        (no shield)
rNeg    . . .        a - +0 animal skin
rPois   .            (helmet currently unavailable)
rElec   .            (cloak currently unavailable)
rCorr   .            (gloves unavailable)
SInv    .            (boots unavailable)
Will    .....        (no amulet)
Stlth   +            O - +4 ring of protection
HPRegen 1.05/turn    (no ring)
MPRegen 0.08/turn

%: no passive effects
@: beast-form
A: beast (slay +1), large, unfitting armour, claws 3, regeneration 1, shaggy fur
1, tough skin 1
a: Begin Untransformation


You were on level 2 of the Dungeon.
You were a hulking beast.
You visited 1 branch of the dungeon, and saw 2 of its levels.

You collected 69 gold pieces.


Innate Abilities, Weirdness & Mutations

You are a hulking beast.
Your limbs bulge with bestial killing power. (Slay +1)
You are too large for most types of armour.
You have claws for hands.
Your natural rate of healing is unusually fast.
You are covered in fur. (AC +1)
You have tough skin. (AC +1)


   Skills:
 + Level 1.1 Fighting
 + Level 1.8 Dodging
 + Level 0.2 Stealth
 * Level 3.4 Unarmed Combat
 * Level 3.2 Shapeshifting


You had 2 spell levels left.
You didn't know any spells.
Your spell library was empty.

Inventory:

Armour
 a - a +0 animal skin (worn)
Jewellery
 O - a +4 ring of protection (left claw)
Talismans
 c - a beast talisman
 d - a flux talisman
Scrolls
 e - a scroll of identify {unknown}
 h - a scroll of brand weapon {unknown}
Potions
 b - a potion of lignification {!q}
 f - a potion of heal wounds {unknown}
 g - a potion of degeneration {unknown}

Dungeon Overview and Level Annotations

Branches:
Dungeon (2/15)

Altars:

### #.. #. #.# #.#
#.# #.# #.# #.# #.#
#.# ########.### #.#
#.......#..#
##)####.######.#h#
#.................#
...............#..#
#.##############....
#.# #.#### #.# #.#
#.# #.# ..#


#KK ### You could see 2 kobolds.


Message History

Done exploring.
Done exploring.
Done exploring.
Done exploring.
There is a stone staircase leading down here.
You climb downwards.
There is a stone staircase leading up here.
A ball python comes into view.
The ball python hisses angrily.
A ball python is nearby!
A ball python is nearby!
A ball python is nearby!
A kobold comes into view. It is wielding a +0 short sword.
You closely miss the ball python. The ball python bites you.
You barely miss the ball python. The ball python barely misses you.
You closely miss the ball python. The ball python completely misses you.
You claw the ball python!
You kill the ball python!
You have reached level 3!
Your experience leads to an increase in your attributes!
Increase (S)trength, (I)ntelligence, or (D)exterity?
You feel clever. x2; You feel stronger.
You claw the kobold!
You kill the kobold!
No target in view!
No target in view!
No target in view! 2 kobolds come into view.
The kobold throws a stone.
The stone hits you but does no damage.
Are you sure you want to abandon this character and quit the game? (Confirm with "yes".)

Skill      XL: |  1  2 |
---------------+-------+-----
Fighting       | 1 |  1.1
Dodging        | |  1.8
Stealth        | |  0.2
Unarmed Combat | |  3.4
Shapeshifting  | |  3.2

Action                     || total
---------------------------++-------
  Melee: Unarmed           ||    46
   Stab: Sleeping          ||     2
 Armour: Animal skin       ||    21
  Dodge: Dodged            ||    13

Levels and vault maps discovered:
D:1:      dpeg_arrival_erosion, layout_loops_cross
D:2:      layout_loops_ring, basic_altar

Notes
Turn   | Place    | Note
-------+----------+-------------------------------------------
     0 | D:1      | Jeffwins the Troll Shapeshifter began the quest for the
                  | Orb.
     0 | D:1      | Reached XP level 1. HP: 18/18 MP: 0/0
   131 | D:1      | Reached XP level 2. HP: 26/26 MP: 1/1
   134 | D:1      | Reached skill level 1 in Fighting
   743 | D:2      | Reached XP level 3. HP: 33/33 MP: 2/2
   759 | D:2      | Quit the game

Vanquished Creatures
  6 ball pythons
  A bat (D:1)
  2 endoplasms (D:1)
  2 giant cockroaches (D:1)
  4 hobgoblins (D:1)
  2 kobolds
  A quokka (D:1)
  2 frilled lizards (D:1)
  A goblin (D:1)
  7 rats (D:1)
28 creatures vanquished.

Table legend: (Time is in decaauts)
 A = Elapsed time spent in this place.
 B = Non-inter-level travel time spent in this place.
 C = Inter-level travel time spent in this place.
 D = Time resting spent in this place.
 E = Time spent auto-exploring this place.
 F = Levels seen in this place.
 G = Mean time per level.
                   A        B        C        D        E       F      G
               +--------+--------+--------+--------+--------+-----+--------+
         Total |    755 |    717 |     38 |      0 |    591 |   2 |  377.5 |
       Dungeon |    755 |    717 |     38 |      0 |    591 |   2 |  377.5 |
               +--------+--------+--------+--------+--------+-----+--------+

Top non-repeatable levels by time:
     D:1: 724 daAuts
     D:2: 31 daAuts

Table legend:
 A = Non-vault XP
 B = Vault XP
 C = Vault XP percentage of total XP
 D = Non-vault monster count
 E = Vault monster count
 F = Vault count percentage of total count
                 A         B        C        D         E       F
            +---------+---------+-------+---------+---------+-------
      Total |      42 |       0 |   0.0 |      28 |       0 |   0.0
            +---------+---------+-------+---------+---------+-------
        D:1 |      39 |       0 |   0.0 |      26 |       0 |   0.0
        D:2 |       3 |       0 |   0.0 |       2 |       0 |   0.0
            +---------+---------+-------+---------+---------+-------
